 Dungeon Crawl Stone Soup version 0.31-a0-700-gf13585253f (webtiles) character file.

Game seed: 10342068980361405663

2569 javelincjr the Caller (level 9, -1/55 HPs)
             Began as an Octopode Summoner on Sept 7, 2023.
             Was a Believer of Sif Muna.
             Slain by a two-headed ogre
             ... wielding a +0 halberd
              (20 damage)
             ... in a bailey.
             The game lasted 00:34:00 (6386 turns).

javelincjr the Caller (Octopode Summoner)           Turns: 6386, Time: 00:34:00

Health: -1/55      AC:  5    Str: 10    XL:     9   Next: 57%
Magic:  11/18      EV: 20    Int: 19    God:    Sif Muna [**....]
Gold:   227        SH:  0    Dex: 18    Spells: 8/20 levels left

rFire   . . .        h - +0 trident
rCold   . . .        (no shield)
rNeg    . . .        (helmet restricted)
rPois   .            (no amulet)
rElec   .            b - +5 ring of evasion
rCorr   .            t - +4 ring of protection
SInv    .            u - ring of wizardry
Will    .....        D - +6 ring of dexterity
Stlth   +++++        (no ring)
HPRegen 0.29/turn    (no ring)
MPRegen 0.16/turn    (no ring)
                     (no ring)

%: wizardry (x1)
@: no status effects
A: almost no armour, amphibious, 8 rings, camouflage 1, gelatinous body 1,
(nimble swimmer 1), tentacles
a: Renounce Religion, Channel Magic


You were in a bailey.
You worshipped Sif Muna.
Sif Muna was pleased with you.
You visited 1 branch of the dungeon, and saw 7 of its levels.
You also visited: Bailey.

You collected 265 gold pieces.
You spent 38 gold pieces at shops.

Inventory:

Hand Weapons
 h - a +0 trident (weapon)
 l - a +2 dagger of pain
 m - a +2 quarterstaff of chaos
Armour
 w - the +2 tower shield "Buoghabo" {Str-5 Dex+3 SInv}
   (You found it on level 4 of the Dungeon)

   Str-5:     It affects your strength (-5).
   Dex+3:     It affects your dexterity (+3).
   SInv:      It lets you see invisible.
Magical Staves
 s - a staff of conjuration
Jewellery
 b - a +5 ring of evasion (left tentacle)
 o - an amulet of faith
 t - a +4 ring of protection (right tentacle)
 u - a ring of wizardry (on tentacle)
 D - a +6 ring of dexterity (on tentacle)
Wands
 p - a wand of acid (7)
Scrolls
 d - 4 scrolls of teleportation
 g - a scroll of amnesia
 k - a scroll of immolation
 v - a scroll of summoning
 y - a scroll of blinking
Potions
 e - 5 potions of heal wounds
 i - 2 potions of degeneration
 n - 2 potions of brilliance
 r - a potion of might {unknown}
 x - a potion of berserk rage {unknown}
 z - a potion of ambrosia {unknown}
 A - 2 potions of mutation {unknown}
 B - a potion of resistance {unknown}


   Skills:
 + Level 2.8 Fighting
 + Level 3.9 Polearms
 + Level 4.7 Dodging
 + Level 6.7 Stealth
 + Level 2.8 Shields
 * Level 6.0 Spellcasting
 * Level 7.3 Summonings
 + Level 3.1 Invocations


You had 8 spell levels left.
You knew the following spells:

 Your Spells              Type           Power      Damage    Failure   Level
b - Call Imp              Summ           66%        N/A       1%          2
c - Call Canine Familiar  Summ           33%        N/A       1%          3
d - Summon Guardian Gole  Hex/Summ       19%        N/A       3%          3
e - Summon Lightning Spi  Summ/Air       19%        N/A       10%         4

Your spell library contained the following spells:

 Spells                   Type           Power      Damage    Failure   Level
 Summon Small Mammal      Summ           100%       N/A       1%          1
 Cigotuvi's Dreadful Rot  Necr/Pois/Air  10%        N/A       7%          2
 Dispel Undead            Necr           5%         3d7       38%         4
 Death Channel            Necr           2%         N/A       99%         6


Dungeon Overview and Level Annotations

Branches:
Dungeon (7/15)             Temple (0/1) D:6          Bailey (1/1)

Altars:
Sif Muna
Wu Jian
Xom

Shops:
D:1 [   D:3 [   D:4 *:   D:5 *

Annotations:
D:7 Jeremiah


Innate Abilities, Weirdness & Mutations

You cannot wear most types of armour.
You are amphibious.
You can wear up to eight rings at the same time.
Your skin changes colour to match your surroundings (Stealth+).
Your rubbery body absorbs attacks. (AC +1, EV +1)
((You are camouflaged when in or above water. (Stealth+)))
You have tentacles for arms and can constrict up to eight enemies at once.


Message History

You reach to attack!
You hit the ogre.
The ogre is severely wounded.
Your hound disappears in a puff of smoke!
The ogre misses you.
Your cerulean imp hits the ogre from afar with a -1 spear.
Reach: h) +0 trident
Press: ? - help, Dir - move target, f/p - ogre
Aim: an ogre, wielding a +0 halberd (almost dead, ally target, about 24% to evade your +0 trident)
You reach to attack!
You hit the ogre.
You kill the ogre!
Sif Muna accepts your kill.
Your Spellcasting skill increases to level 6!
You start resting.
A two-headed ogre comes into view. It is wielding two +0 halberds.
Magic courses through your body.
Your cerulean imp barely misses the two-headed ogre.
Casting: Call Imp (safe; 1% risk of failure)
Confirm with . or Enter, or press ? or * to list all spells.
An electric hum fills the air.
Your cerulean imp barely misses the two-headed ogre.
Casting: Summon Lightning Spire (dangerous; 10% risk of failure)
Confirm with . or Enter, or press ? or * to list all spells.
The two-headed ogre hits you from afar with a +0 halberd!
The two-headed ogre closely misses you.
Your cerulean imp hits the two-headed ogre with a -1 spear.
You are too injured to fight recklessly!
Reach: h) +0 trident
Press: ? - help, Dir - move target, f - two-headed ogre
Aim: a two-headed ogre, wielding two +0 halberds (lightly wounded, ally target, about 24% to evade your +0 trident)
You could not reach far enough!
Your cerulean imp hits the two-headed ogre but does no damage.
Your lightning spire shoots out a bolt of lightning at the two-headed ogre!
The bolt of electricity hits the two-headed ogre! x2
Reach: h) +0 trident
Press: ? - help, Dir - move target, f/p - two-headed ogre
Aim: a two-headed ogre, wielding two +0 halberds (heavily wounded, ally target, about 24% to evade your +0 trident)
You reach to attack!
You hit the two-headed ogre.
The two-headed ogre is heavily wounded.
The two-headed ogre hits you from afar with a +0 halberd!!
You die...

#....∩...∩....#
#...........##
##.........##
###~~~~~###
#~~~~~#
##~~~~)##
##.......##
#.......)h##
#..##♣####@.##
..# #♣58##
##O.## ##..#
#..# #§.# #..#
♣..# #..#


You could see a two-headed ogre (ally target), a friendly lightning spire
(summoned), a friendly hound (summoned) and a friendly cerulean imp (summoned).

Vanquished Creatures
  Duvessa (D:4)
  2 ogres
  2 black bears
  A centaur (D:6)
  A phantom (D:5)
  A bullfrog (D:6)
  2 scorpions
  Dowan (D:4)
  2 hounds (D:4)
  An orc priest (D:3)
  A gnoll bouda (D:6)
  An iguana (D:6)
  Jessica (D:2)
  Robin (D:2)
  7 adders
  2 gnolls (D:6)
  A worm (D:4)
  3 dart slugs (D:4)
  7 orcs
  4 bats
  2 endoplasms
  2 giant cockroaches
  5 goblins
  8 hobgoblins
  A jackal (D:4)
  3 quokkas
  A ball python (D:4)
  A frilled lizard (D:1)
  3 rats
68 creatures vanquished.

Vanquished Creatures (collateral kills)
  Sigmund (D:6)
  A spriggan (Bailey)
  A black bear (D:6)
  4 ogres
  2 bullfrogs
  A howler monkey (D:4)
  A hound (D:4)
  2 jellies
  Crazy Yiuf (D:2)
  2 orc wizards
  4 gnolls
  3 adders
  6 dart slugs (D:4)
  6 orcs
  2 bats
  4 endoplasms
  2 giant cockroaches
  10 goblins
  3 hobgoblins
  A jackal (D:4)
  A quokka (D:1)
  4 ball pythons (D:1)
  2 frilled lizards (D:1)
  2 kobolds
  3 rats (D:1)
69 creatures vanquished.

Vanquished Creatures (others)
  A spriggan (Bailey)
  An iguana (D:6)
2 creatures vanquished.

Grand Total: 139 creatures vanquished

Notes
Turn   | Place    | Note
-------+----------+-------------------------------------------
     0 | D:1      | javelincjr the Octopode Summoner began the quest for the
                  | Orb.
     0 | D:1      | Reached XP level 1. HP: 11/11 MP: 3/3
   156 | D:1      | Found Eskoloni's Antique Armour Shop.
   242 | D:1      | Reached XP level 2. HP: 17/17 MP: 3/5
   248 | D:1      | Learned a level 2 spell: Call Imp
   789 | D:1      | Reached XP level 3. HP: 21/21 MP: 3/6
   973 | D:2      | Noticed Jessica
   983 | D:2      | Killed Jessica
  1088 | D:2      | Reached XP level 4. HP: 27/27 MP: 5/8
  1328 | D:2      | Noticed Robin
  1487 | D:2      | Killed Robin
  1690 | D:2      | Found a runed translucent door.
  1691 | D:2      | Noticed Crazy Yiuf
  1795 | D:2      | Learned a level 3 spell: Call Canine Familiar
  1808 | D:2      | Killed Crazy Yiuf
  1809 | D:2      | Reached skill level 1 in Polearms
  1809 | D:2      | Reached XP level 5. HP: 31/31 MP: 2/9
  1998 | D:3      | Found a shimmering blue altar of Sif Muna.
  2013 | D:3      | Became a worshipper of Sif Muna the Loreminder
  2070 | D:3      | Reached skill level 5 in Summonings
  2455 | D:3      | Found Itwehiczant's Armour Shoppe.
  3004 | D:4      | Noticed Dowan
  3011 | D:4      | Noticed Duvessa
  3013 | D:4      | Reached XP level 6. HP: 36/36 MP: 6/11
  3024 | D:4      | Killed Duvessa
  3027 | D:4      | Killed Dowan
  3179 | D:4      | Reached XP level 7. HP: 41/41 MP: 10/13
  3183 | D:4      | Learned a level 3 spell: Summon Guardian Golem
  3581 | D:4      | Reached * piety under Sif Muna
  3611 | D:4      | Found a shimmering altar of Xom.
  3658 | D:4      | Found Gyaxzibane's Book Emporium.
  3814 | D:4      | Found Sitenuh's CLEARANCE SALE!.
  3818 | D:4      | Bought a scroll of summoning for 38 gold pieces
  3947 | D:4      | Identified the +2 tower shield "Buoghabo" {Str-5 Dex+3
                  | SInv}
  4423 | D:5      | Entered Level 5 of the Dungeon
  4492 | D:5      | Reached skill level 5 in Stealth
  4737 | D:5      | Found an ornate altar of the Wu Jian Council.
  4758 | D:5      | Reached skill level 6 in Summonings
  4773 | D:5      | Reached XP level 8. HP: 42/47 MP: 7/14
  4981 | D:5      | Reached skill level 1 in Invocations
  4993 | D:5      | Reached skill level 1 in Fighting
  4993 | D:5      | Reached skill level 1 in Shields
  5021 | D:5      | Found Tiklas's General Store.
  5222 | D:6      | Reached skill level 5 in Spellcasting
  5222 | D:6      | Reached ** piety under Sif Muna
  5266 | D:6      | Learned a level 4 spell: Summon Lightning Spire
  5432 | D:6      | Noticed Sigmund
  5441 | D:6      | Killed Sigmund
  5447 | D:6      | Reached XP level 9. HP: 54/54 MP: 5/17
  5551 | D:6      | Found a staircase to the Ecumenical Temple.
  6053 | D:7      | Noticed Jeremiah
  6182 | D:7      | Reached skill level 7 in Summonings
  6206 | D:7      | Found a flagged portal.
  6256 | Bailey   | Entered a bailey
  6381 | Bailey   | Noticed a two-headed ogre
  6386 | Bailey   | Slain by a two-headed ogre

Illustrated notes

Levels and vault maps discovered:
D:1:      matt_arrival_refuge, layout_rooms, serial_shops, shop
D:2:      layout_basic, amcnicky_mini_corridor_feature, uniq_jessica,
          uniq_crazy_yiuf_cottage, uniq_robin
D:3:      layout_basic, mainiacjoe_overflow_cross_hatched, serial_shops,
          nicolae_shop_gibbet_a_chance
D:4:      kennysheep_slugbush, layout_layer_cave, mainiacjoe_overflow_brackets,
          serial_shops, shop, nicolae_shop_clearance, uniq_duvessa
D:5:      layout_gridville, mainiacjoe_overflow_six_doors_small, serial_shops,
          shop, kennysheep_generic_room_7
D:6:      layout_rooms, minmay_temple_entry_antechambers, serial_curves,
          eino_curves_02, eino_curves_03, minmay_puff, uniq_sigmund
D:7:      layout_basic, enter_bailey_3, uniq_jeremiah
Bailey:   bailey_polearm_enchanted_keep_hellmonk, bailey

Skill      XL: |  1  2  3  4  5  6  7  8  9 |
---------------+----------------------------+-----
Stealth        | 3 4 5 6 |  6.7
Spellcasting   | 3 4 5 6 |  6.0
Polearms       | 1 2 3 |  3.9
Summonings     | 5 6 7 |  7.3
Dodging        | 3 4 |  4.7
Invocations    | 2 3 |  3.1
Fighting       | 2 |  2.8
Shields        | 2 |  2.8

Action                     |  1- 3 |  4- 6 |  7- 9 || total
---------------------------+-------+-------+-------++-------
  Melee: Unarmed           |    18 |       |       ||    18
         Tentacles         |     9 |     9 |    10 ||    28
         Constrict         |     8 |    16 |    13 ||    37
         Punch             |     1 |       |       ||     1
         Trident           |    15 |    85 |   108 ||   208
         Dagger            |       |     4 |       ||     4
   Cast: Summon Small Mamm |    20 |    12 |     3 ||    35
         Call Imp          |    10 |    15 |    32 ||    57
         Call Canine Famil |       |     3 |    25 ||    28
         Summon Guardian G |       |       |     5 ||     5
         Summon Lightning  |       |       |     6 ||     6
  Evoke: Wand              |       |     3 |       ||     3
    Use: Scroll            |       |       |    11 ||    11
         Potion            |       |       |     2 ||     2
   Stab: Sleeping          |     3 |     3 |     3 ||     9
         Distracted        |     1 |     1 |     1 ||     3
 Armour: Skin              |     6 |    31 |    33 ||    70
  Dodge: Dodged            |    21 |    60 |    63 ||   144

Table legend: (Time is in decaauts)
 A = Elapsed time spent in this place.
 B = Non-inter-level travel time spent in this place.
 C = Inter-level travel time spent in this place.
 D = Time resting spent in this place.
 E = Time spent auto-exploring this place.
 F = Levels seen in this place.
 G = Mean time per level.
                   A        B        C        D        E       F      G
               +--------+--------+--------+--------+--------+-----+--------+
         Total |   6412 |   6287 |    125 |    489 |   4367 |   8 |  801.5 |
       Dungeon |   6281 |   6156 |    125 |    443 |   4364 |   7 |  897.3 |
        Bailey |    131 |    131 |      0 |     46 |      3 |   1 |  131.0 |
               +--------+--------+--------+--------+--------+-----+--------+

Top non-repeatable levels by time:
     D:4: 1519 daAuts
     D:3: 1023 daAuts
     D:2: 960 daAuts
     D:1: 953 daAuts
     D:6: 929 daAuts
     D:5: 740 daAuts
     D:7: 155 daAuts
  Bailey: 131 daAuts
